 Dungeon Crawl Stone Soup version 0.28-a0-589-g333b8329f1 (webtiles) character file.

Game seed: 7092453390044230410

126 blank1 the Skirmisher (level 4, -1/40 HPs)
             Began as a Minotaur Fighter on Oct 3, 2021.
             Was an Initiate of Okawaru.
             Slain by Edmund (2 damage)
             ... on level 4 of the Dungeon.
             The game lasted 00:04:22 (2592 turns).

blank1 the Skirmisher (Minotaur Fighter)            Turns: 2592, Time: 00:04:23

Health: -1/40      AC:  8    Str: 22    XL:     4   Next: 83%
Magic:  4/4        EV: 14    Int:  5    God:    Okawaru [......]
Gold:   240        SH:  4    Dex:  9    Spells: 3/3 levels left

rFire   . . .      SeeInvis .   a - +0 flail
rCold   . . .      Faith    .   c - +0 buckler
rNeg    . . .      Spirit   .   b - +0 scale mail
rPois   .          Reflect  .   (helmet restricted)
rElec   .          Harm     .   h - +0 cloak
rCorr   .          Rampage  .   (no gloves)
Will    .....                   (no boots)
Stlth   ..........              (no amulet)
HPRegen 0.13/turn               k - +4 ring of evasion
MPRegen 0.09/turn               (no ring)

@: no status effects
A: horns 2, retaliatory headbutt
a: Renounce Religion


You were on level 4 of the Dungeon.
You worshipped Okawaru.
Okawaru was noncommittal.
You visited 1 branch of the dungeon, and saw 4 of its levels.

You collected 240 gold pieces.

Inventory:

Hand Weapons
 a - a +0 flail (weapon)
Armour
 b - a +0 scale mail (worn)
 c - a +0 buckler (worn)
 h - a +0 cloak (worn)
Jewellery
 k - a +4 ring of evasion (left hand)
Scrolls
 e - 7 scrolls of identify
 g - 2 scrolls of teleportation
 i - a scroll of noise {unknown}
 j - a scroll of silence {unknown}
 o - a scroll of blinking {unknown}
Potions
 d - a potion of might
 f - a potion of attraction
 l - a potion of ambrosia {unknown}
 m - a potion of flight {unknown}
 n - a potion of curing {unknown}


   Skills:
 - Level 4.0 Fighting
 - Level 4.0 Maces & Flails
 - Level 4.0 Armour
 - Level 2.0 Dodging
 - Level 0.2 Stealth
 - Level 4.0 Shields
 + Level 1.9 Invocations


You had 3 spell levels left.
You didn't know any spells.
Your spell library contained the following spells:

 Spells                   Type           Power      Damage    Failure   Level
 Freeze                   Ice            0%         1d3       80%         1
 Frozen Ramparts          Ice            0%         1d2       99%         3
 Hailstorm                Conj/Ice       0%         3d3       100%        4
 Borgnjor's Vile Clutch   Necr/Erth      0%         N/A       100%        5
 Animate Dead             Necr           Unusable   N/A       N/A         4
 Death Channel            Necr           Unusable   N/A       N/A         6

Dungeon Overview and Level Annotations

Branches:
Dungeon (4/15)             Temple (0/1) D:4

Altars:
Fedhas
Okawaru

Annotations:
D:3 exclusion: oklob plant
D:4 Edmund


Innate Abilities, Weirdness & Mutations

You have a pair of horns on your head.
You reflexively headbutt those who attack you in melee.


Message History

Edmund is heavily wounded.
Edmund misses you.
You hit Edmund.
Edmund is heavily wounded.
You block Edmund's attack.
You barely miss Edmund.
Edmund is heavily wounded.
You block Edmund's attack.
A jelly comes into view.
You closely miss Edmund.
The jelly quivers.
Your headbutt misses Edmund.
Edmund is heavily wounded.
Edmund hits you with a +0 vorpal dire flail!
The endoplasm hits you but does no damage.
Edmund misses you.
The endoplasm hits you but does no damage.
You closely miss Edmund.
Edmund is heavily wounded.
Edmund barely misses you. You furiously retaliate!
You headbutt Edmund. You hit Edmund. Your headbutt misses Edmund.
Edmund is severely wounded.
Edmund hits you with a +0 vorpal dire flail!
The jelly hits you but does no damage.
Unknown command.
You closely miss Edmund.
Edmund is severely wounded.
Edmund closely misses you. The jelly closely misses you.
You furiously retaliate!
You headbutt the jelly!
Your scale mail prevents you from hitting Edmund.
Edmund is severely wounded.
Edmund hits you but does no damage. The jelly barely misses you.
You hit Edmund.
Edmund is almost dead.
Edmund hits you with a +0 vorpal dire flail.
* * * LOW HITPOINT WARNING * * *
x2 The jelly misses you.
Edmund hits you with a +0 vorpal dire flail!
* * * LOW HITPOINT WARNING * * *
You die...

##⌠.⌠#### ... ###### #
.. ######### ..###+##
#.... ..#.... #....
...... #..#. ####J....
#..#. #..J@##.# #..##
#...@##.# #....
#######.##.##########.##
......................≈≈
####.....#########≈≈≈≈≈≈
####### ###≈≈≈≈ ###≈≈
..### ..... ##...


You could see Edmund, a jelly and an endoplasm.

Vanquished Creatures
  An orc wizard (D:4)
  An adder (D:4)
  2 worms (D:2)
  2 dart slugs
  4 orcs
  4 ball pythons
  7 bats
  6 endoplasms
  A giant cockroach (D:2)
  13 goblins
  8 hobgoblins
  10 kobolds
  2 quokkas
  A frilled lizard (D:2)
  3 rats
65 creatures vanquished.

Notes
Turn   | Place    | Note
-------+----------+-------------------------------------------
     0 | D:1      | blank1 the Minotaur Fighter began the quest for the Orb.
     0 | D:1      | Reached XP level 1. HP: 19/19 MP: 0/0
    33 | D:1      | Reached XP level 2. HP: 20/27 MP: 1/1
   255 | D:1      | Reached skill level 1 in Dodging
   751 | D:2      | Reached XP level 3. HP: 33/33 MP: 2/2
   864 | D:2      | Found a faded altar of an unknown god.
  1259 | D:3      | Found a blossoming altar of Fedhas.
  1270 | D:3      | Noticed an oklob plant
  1498 | D:3      | Reached XP level 4. HP: 34/40 MP: 3/3
  1538 | D:3      | Found an iron altar of Okawaru.
  1999 | D:3      | Became a worshipper of Warmaster Okawaru
  2032 | D:4      | Reached skill level 1 in Invocations
  2543 | D:4      | Found a staircase to the Ecumenical Temple.
  2578 | D:4      | Noticed Edmund
  2592 | D:4      | HP: 1/40 [Edmund (10)]
  2592 | D:4      | Slain by Edmund

Illustrated notes

Levels and vault maps discovered:
D:1:      minmay_arrival_arboretum_small, layout_rooms, minmay_misc_feat_plants,
          minmay_tetromino_t4
D:2:      layout_rooms, basic_ecumenical_altar
D:3:      layout_rooms, tgw_fedhas, amcnicky_altar_gilded, bh_walls_and_bars
D:4:      cheibrodos_thug_alley, layout_basic, lemuel_doored_altar,
          temple_doors_ab, hex_tiny, hangedman_abyss_or_decor_stagger,
          uniq_edmund, uniq_grinder, uniq_natasha

Skill      XL: |  1  2  3  4 |
---------------+-------------+-----
Dodging        | 1 2 |  2.0
Fighting       | 4 |  4.0
Armour         | 4 |  4.0
Shields        | 4 |  4.0
Maces & Flails | 3 4 |  4.0
Invocations    | 1 |  1.9
Stealth        | |  0.2

Action                   |  1- 3 |  4- 6 || total
-------------------------+-------+-------++-------
Melee: Flail             |    98 |    44 ||   142
       Headbutt          |    14 |     3 ||    17
  Use: Scroll            |     2 |       ||     2
Armor: Scale mail        |    41 |    12 ||    53
Dodge: Dodged            |    62 |    28 ||    90
Block: Buckler           |    30 |     8 ||    38

Table legend: (Time is in decaauts)
 A = Elapsed time spent in this place.
 B = Non-inter-level travel time spent in this place.
 C = Inter-level travel time spent in this place.
 D = Time resting spent in this place.
 E = Time spent auto-exploring this place.
 F = Levels seen in this place.
 G = Mean time per level.
                   A        B        C        D        E       F      G
               +--------+--------+--------+--------+--------+-----+--------+
         Total |   2629 |   2536 |     93 |    176 |   1932 |   4 |  657.2 |
       Dungeon |   2629 |   2536 |     93 |    176 |   1932 |   4 |  657.2 |
               +--------+--------+--------+--------+--------+-----+--------+

Top non-repeatable levels by time:
     D:3: 783 daAuts
     D:1: 744 daAuts
     D:4: 583 daAuts
     D:2: 517 daAuts
